 Dungeon Crawl Stone Soup version 0.30-a0-847-g17996783a1 (webtiles) character file.

Game seed: 11831452289734213594

13304 Pooter the Cleaver (level 11, -2/99 HPs)
             Began as a Minotaur Berserker on Mar 3, 2023.
             Was a High Priest of Trog.
             Slain by a yak (7 damage)
             ... on level 1 of the Lair of Beasts.
             The game lasted 01:04:10 (12074 turns).

Pooter the Cleaver (Minotaur Berserker)            Turns: 12074, Time: 01:04:11

Health: -2/99      AC: 15    Str: 29    XL:     11   Next: 73%
Magic:  0/10       EV:  8    Int:  4    God:    Trog [*****.]
Gold:   101        SH:  0    Dex: 16    Spells: 10/10 levels left

rFire   . . .      SeeInvis +    a - +2 battleaxe (heavy)
rCold   . . .      Faith    .    (shield currently unavailable)
rNeg    . . .      Spirit   +    Y - +0 plate armour of Jigsaw {Will+ Str+3 Stlth-}
rPois   .          Reflect  .    c - +1 hat {SInv}
rElec   .          Rampage  .    V - scarf {harm}
rCorr   .          Harm     + .  g - +0 pair of gloves
Will    +++..                    r - +0 pair of boots Stlth
                                 G - amulet of guardian spirit
HPRegen 1.36/turn                i - +6 ring of dexterity
MPRegen 0.12/turn                (no ring)

@: strong-willed, on berserk cooldown, regenerating, slowed, very slow
A: horns 2, retaliatory headbutt
a: Renounce Religion, Berserk, Trog's Hand, Brothers in Arms


You were on level 1 of the Lair of Beasts.
You worshipped Trog.
Trog was extremely pleased with you.
You visited 2 branches of the dungeon, and saw 12 of its levels.
You also visited: Sewer, Ossuary and Bailey.

You collected 674 gold pieces.
You spent 573 gold pieces at shops.

Inventory:

Hand Weapons
 a - a +2 heavy battleaxe (weapon)
   (Trog gifted it to you in a bailey)
 b - a +1 arbalest of flaming
   (You bought it in a shop on level 9 of the Dungeon)
 v - a +6 broad axe of holy wrath
   (You found it in a sewer)
 x - the +10 long sword of Ontenwep {flame, rPois Dex+4 Stlth-}
   (You found it on level 4 of the Dungeon)

   Dex:       It affects your dexterity (+4).
   rPois:     It protects you from poison.
   Stlth:     It makes you less stealthy.
 z - a +0 sling
   (You found it on level 1 of the Dungeon)
 K - a +2 halberd of draining
   (You took it off a gnoll in a bailey)
 O - a +1 war axe of flaming
   (You found it on level 5 of the Dungeon)
 W - a +2 heavy trident
   (You took it off an orc priest on level 8 of the Dungeon)
Missiles
 j - a throwing net {!f}
 s - 21 poisoned darts (quivered)
 A - 12 boomerangs
 Q - 123 stones
Armour
 c - a +1 hat of see invisible (worn)
   (You acquired it on level 3 of the Dungeon)
 d - a +0 buckler
   (You found it on level 1 of the Dungeon)
 g - a +0 pair of gloves (worn)
   (You found it on level 4 of the Dungeon)
 r - a +0 pair of boots (worn)
   (You found it on level 3 of the Dungeon)
 y - a +2 plate armour
   (You found it on level 3 of the Dungeon)
 V - a scarf of harm (worn)
   (You found it on level 8 of the Dungeon)
 Y - the +0 plate armour of Jigsaw (worn) {Will+ Str+3 Stlth-}
   (You found it on level 1 of the Lair of Beasts)

   Str:       It affects your strength (+3).
   Will:      It increases your willpower.
   Stlth:     It makes you less stealthy.
Jewellery
 i - a +6 ring of dexterity (left hand)
   (You found it on level 10 of the Dungeon)
 G - an amulet of guardian spirit (around neck)
   (You found it on level 3 of the Dungeon)
 H - a ring of fire
   (You found it on level 5 of the Dungeon)
 I - an amulet of reflection
   (You found it on level 5 of the Dungeon)
 L - a +6 ring of intelligence
   (You found it in an ossuary)
 T - a ring of ice
   (You found it on level 7 of the Dungeon)
Wands
 f - a wand of flame (29)
   (You found it on level 7 of the Dungeon)
 u - a wand of paralysis (12)
   (You found it on level 7 of the Dungeon)
Scrolls
 k - 3 scrolls of fear
 m - 4 scrolls of vulnerability {!r}
 o - 5 scrolls of fog
 t - 5 scrolls of teleportation {@r4}
 w - 2 scrolls of blinking
 B - a scroll of immolation {unknown}
 D - a scroll of silence {unknown}
 N - 2 scrolls of magic mapping {unknown}
 P - 2 scrolls of poison {!r}
 S - 3 scrolls of butterflies
 U - 2 scrolls of noise {!r}
Potions
 e - 3 potions of lignification {!q}
 h - 4 potions of magic {unknown}
 l - 3 potions of degeneration {unknown}
 n - 9 potions of curing {@q1}
 p - 7 potions of mutation {!q}
 q - 9 potions of might
 C - 4 potions of haste {unknown}
 E - 3 potions of brilliance {unknown}
 F - 4 potions of flight
 J - 5 potions of invisibility {unknown}
 M - 6 potions of resistance
 R - a potion of experience {unknown}
 X - 5 potions of heal wounds {@q2}


   Skills:
 + Level 9.7 Fighting
 - Level 8.3 Long Blades
 * Level 13.9 Axes
 * Level 10.4 Ranged Weapons
 + Level 4.4 Armour
 - Level 2.1 Dodging
 + Level 4.7 Evocations


You had 10 spell levels left.
You didn't know any spells.
Your spell library was empty.

Dungeon Overview and Level Annotations

Branches:
Dungeon (10/15)            Temple (0/1) D:5            Lair (2/5) D:8
  Sewer (visited)         Ossuary (visited)          Bailey (visited)
  Swamp: Lair:2-3    Shoals: Lair:2-3     Snake: Lair:2-3    Spider: Lair:2-3
    Orc: D:9-12

Altars:
Ashenzari
Cheibriados
Dithmenos
Kikubaaqudgha
Ru
Uskayaw
Wu Jian
Yredelemnul
Zin

Shops:
D:6 ?   D:7 **[   D:9 (

Annotations:
D:8 1 runed translucent door
D:10 4 transporters


Innate Abilities, Weirdness & Mutations

You have a pair of horns on your head.
You reflexively headbutt those who attack you in melee.


Message History

You feel yourself moving faster!
You feel mighty! The blink frog hits you!
* * * LOW MAGIC WARNING * * *
* * * LOW HITPOINT WARNING * * *
The blink frog blinks!
The blink frog hits you but does no damage.
The yak gores you!
* * * LOW MAGIC WARNING * * *
* * * LOW HITPOINT WARNING * * *
A yak comes into view.
You feel a strong urge to attack something.
The yak bellows!
The blink frog hits you but does no damage.
The blink frog hits you!
* * * LOW MAGIC WARNING * * *
* * * LOW HITPOINT WARNING * * *
The blink frog blinks! x3; The yak gores you but does no damage.
The blink frog blinks! x2; The blink frog hits you!
* * * LOW MAGIC WARNING * * *
* * * LOW HITPOINT WARNING * * *
The blink frog blinks!
You feel your anger nearly subside.
The blink frog blinks! x2
You see here a blink frog corpse.
You are no longer berserk.
You are exhausted.
You feel yourself slow down.
The blink frog blinks! x2
The blink frog blinks! x3
The blink frog blinks!
The blink frog hits you!
* * * LOW MAGIC WARNING * * *
* * * LOW HITPOINT WARNING * * *
The blink frog blinks!
The blink frog hits you but does no damage.
The blink frog blinks!
Something gores the plant!
The plant begins to die.
There is an escape hatch in the ceiling, spattered with blood here.
The blink frog blinks! x3
The blink frog hits you but does no damage.
Something gores the plant!
A mysterious force pulls you upwards. The hatch slams shut behind you.
You slash the yak! You hit the plant.
The plant begins to die.
You hit the fungus.
The fungus begins to die.
The yak gores you!
* * * LOW MAGIC WARNING * * *
* * * LOW HITPOINT WARNING * * *
The yak gores you.
* * * LOW HITPOINT WARNING * * *
You barely miss the yak. You headbutt the yak. You slice the plant!!
You slash the fungus!
A nearby plant withers and dies.
A nearby fungus withers and dies.
The yak gores you but does no damage. The yak gores you.
You die...

#....###.##.....###'
#.....##.#......#...
#...................
#...P#....#...^.#...
#...##...##.....#.).
##........##.....#...
#....##...##.....#..)
##..Y.#...##.....#...
#..@#######.....#...
#....##...†.........
##...................
#P...................
#....................
#P...................
##...#######......###
#...#######......###
#....#...........##.


You could see a yak.

Vanquished Creatures
  Erica (D:8)
  2 two-headed ogres
  An orc knight (Bailey)
  2 gargoyles
  Joseph (D:8)
  2 cane toads (Lair:1)
  A rime drake (Lair:1)
  2 blink frogs (Lair:2)
  A troll (D:10)
  A slime creature (D:8)
  11 yaks
  6 wyverns
  A steam dragon (D:7)
  3 vampire mosquitoes (D:10)
  A basilisk (Lair:1)
  Edmund (D:5)
  9 water moccasins
  4 orc warriors
  A black bear (D:6)
  An ice beast (D:6)
  An ogre (D:6)
  6 centaurs
  A kobold brigand (D:9)
  11 bullfrogs
  15 scorpions
  3 wights (D:9)
  4 howler monkeys
  A jelly (D:7)
  An electric eel (Lair:1)
  2 centaur zombies (Ossuary)
  5 hounds
  3 human zombies (Ossuary)
  4 iguanas
  6 orc priests
  A sleepcap (D:5)
  4 scorpion zombies (Ossuary)
  7 orc wizards
  3 mummies (Ossuary)
  13 adders
  10 gnolls (Bailey)
  A shadow imp (D:5)
  4 white imps
  2 ufetubi (D:5)
  A dart slug (D:3)
  A worm (D:1)
  52 orcs
  11 endoplasms
  16 giant cockroaches
  4 gnoll zombies (Ossuary)
  6 goblins
  8 hobgoblins
  4 jackals (D:1)
  13 kobolds
  9 quokkas
  16 ball pythons
  6 bats
  14 frilled lizards
  2 goblin zombies (Ossuary)
  A hobgoblin zombie (Ossuary)
  2 kobold zombies (Ossuary)
  2 orc zombies (Ossuary)
  5 rats
333 creatures vanquished.

Vanquished Creatures (others)
  3 bushes (D:8)
  5 fungi
  30 plants
38 creatures vanquished.

Grand Total: 371 creatures vanquished

Notes
Turn   | Place    | Note
-------+----------+-------------------------------------------
     0 | D:1      | Pooter the Minotaur Berserker began the quest for the Orb.
     0 | D:1      | Reached XP level 1. HP: 19/19 MP: 0/0
   218 | D:1      | Reached skill level 4 in Axes
   243 | D:1      | Reached skill level 1 in Ranged Weapons
   270 | D:1      | Reached XP level 2. HP: 23/26 MP: 1/1
  1222 | D:2      | Reached XP level 3. HP: 31/31 MP: 2/2
  1465 | D:2      | Reached ** piety under Trog
  1990 | D:3      | Identified a scroll of acquirement
  1991 | D:3      | Acquired a +1 hat of see invisible
  2054 | D:3      | Reached skill level 5 in Axes
  2054 | D:3      | Reached XP level 4. HP: 39/39 MP: 3/3
  2270 | D:4      | Reached XP level 5. HP: 39/45 MP: 2/4
  2329 | D:4      | Found an ornate altar of the Wu Jian Council.
  2335 | D:4      | Found a basalt altar of Yredelemnul.
  2341 | D:4      | Found a snail-covered altar of Cheibriados.
  2386 | D:4      | Found a shadowy altar of Dithmenos.
  2388 | D:4      | Reached skill level 6 in Axes
  2389 | D:4      | Found a glowing silver altar of Zin.
  2521 | D:4      | Identified the +10 long sword of Ontenwep {flame, rPois
                  | Dex+4 Stlth-}
  2598 | D:4      | Found a glowing drain.
  2603 | Sewer    | Entered a sewer
  2632 | Sewer    | Reached *** piety under Trog
  2659 | Sewer    | Reached skill level 1 in Long Blades
  2754 | Sewer    | Reached XP level 6. HP: 50/51 MP: 5/5
  2888 | Sewer    | Reached skill level 5 in Ranged Weapons
  2969 | D:4      | Reached **** piety under Trog
  3199 | D:4      | Reached XP level 7. HP: 58/58 MP: 6/6
  3348 | D:5      | Entered Level 5 of the Dungeon
  3456 | D:5      | Found a staircase to the Ecumenical Temple.
  3545 | D:5      | Found a sacrificial altar of Ru.
  3651 | D:5      | Found an ancient bone altar of Kikubaaqudgha.
  3680 | D:5      | Reached skill level 7 in Axes
  3717 | D:5      | Noticed Edmund
  3732 | D:5      | Killed Edmund
  3733 | D:5      | Reached skill level 5 in Long Blades
  3832 | D:5      | Reached XP level 8. HP: 66/67 MP: 7/7
  4259 | D:6      | Found a sand-covered staircase.
  4272 | Ossuary  | Entered an ossuary
  4352 | Ossuary  | Reached ***** piety under Trog
  4353 | Ossuary  | Reached skill level 5 in Fighting
  4374 | Ossuary  | Reached skill level 8 in Axes
  4607 | Ossuary  | Reached XP level 9. HP: 70/75 MP: 8/8
  4702 | D:6      | Reached skill level 9 in Axes
  4764 | D:6      | Found Nitiv's Magic Scroll Boutique.
  4769 | D:6      | Bought a scroll of identify for 28 gold pieces
  4769 | D:6      | Bought a scroll of identify for 28 gold pieces
  4769 | D:6      | Bought a scroll of poison for 56 gold pieces
  4769 | D:6      | Bought a scroll of enchant weapon for 105 gold pieces
  4879 | D:6      | Found a broken altar of Ashenzari.
  5030 | D:6      | Bought a scroll of amnesia for 56 gold pieces
  5030 | D:6      | Bought a scroll of teleportation for 42 gold pieces
  5465 | D:7      | Found a flagged portal.
  5502 | Bailey   | Entered a bailey
  5746 | Bailey   | Received a gift from Trog
  5810 | Bailey   | Noticed an orc knight
  5825 | Bailey   | Killed an orc knight
  5826 | Bailey   | Reached skill level 10 in Axes
  6173 | D:7      | Found Zudygh's Assorted Antiques.
  6207 | D:7      | Bought an emerald potion for 22 gold pieces
  6207 | D:7      | Bought a scroll labelled AQEGEUXKUE for 25 gold pieces
  6213 | D:7      | Found Miriug's Antique Armour Shoppe.
  6829 | D:7      | Found Alyimn's General Store.
  6969 | D:8      | Noticed Erica
  6983 | D:8      | Killed Erica
  6984 | D:8      | Reached skill level 11 in Axes
  6984 | D:8      | Reached skill level 1 in Evocations
  6984 | D:8      | Reached XP level 10. HP: 64/86 MP: 9/9
  7108 | D:8      | Noticed a centaur warrior
  7108 | D:8      | Noticed a centaur warrior
  7109 | D:8      | Found a runed translucent door.
  7112 | D:8      | Identified the +5 scimitar of Pijosoi {venom, Fly rPois
                  | Dex+2}
  7112 | D:8      | Noticed a deep elf pyromancer
  7112 | D:8      | Noticed an eight-headed hydra
  7112 | D:8      | Noticed a cyclops
  7346 | D:8      | Noticed Joseph
  7360 | D:8      | Killed Joseph
  7388 | D:8      | Noticed a two-headed ogre
  7398 | D:8      | Killed a two-headed ogre
  7529 | D:8      | Reached skill level 12 in Axes
  7714 | D:8      | Found a staircase to the Lair.
  8019 | D:8      | Noticed a gargoyle
  8023 | D:8      | Killed a gargoyle
  8024 | D:8      | Reached XP level 11. HP: 95/95 MP: 10/10
  8570 | D:9      | Found Gaetaos's Hydra Hut.
  8572 | D:9      | Noticed a four-headed hydra
  8625 | D:9      | Reached skill level 13 in Axes
  8774 | D:9      | Bought a +1 arbalest of freezing for 211 gold pieces
  9056 | D:9      | Found a hide-covered altar of Uskayaw.
  9428 | D:10     | Entered Level 10 of the Dungeon
  9723 | D:10     | Noticed a two-headed ogre
  9734 | D:10     | Killed a two-headed ogre
 10224 | D:10     | Reached skill level 10 in Ranged Weapons
 10429 | D:10     | Found a transporter.
 10453 | D:10     | Found a transporter.
 10563 | D:10     | Found a transporter.
 10586 | D:10     | Found a transporter.
 10875 | Lair:1   | Entered Level 1 of the Lair of Beasts
 11063 | Lair:1   | Identified the +0 plate armour of Jigsaw {Will+ Str+3
                  | Stlth-}
 12073 | Lair:1   | HP: 3/99 [yak (9)]
 12073 | Lair:1   | HP: 1/99 [yak (2)]
 12074 | Lair:1   | Slain by a yak

Illustrated notes

Levels and vault maps discovered:
D:1:      mushboom_english_gardens, layout_basic, minmay_misc_feat_plants,
          minmay_distorted
D:2:      layout_rooms
D:3:      layout_rooms
D:4:      layout_loops_ring, chequers_temple_overflow_statue_of_worship,
          minmay_overflow_temple_star_quad, gup_sewer_entry_spiral,
          serial_glass, glass_columns_a, glass_columns_a, glass_columns_c,
          glass_columns_b, glass_columns_c, glass_columns_b
D:5:      layout_basic, mainiacjoe_overflow_small_starburst,
          lemuel_crystal_altar, temple_statues, minmay_misc_feat_diagonals,
          st_stairs_6, uniq_edmund
D:6:      layout_basic, nicolae_ashenzari_panopticon, serial_shops,
          nicolae_shop_trees, nicolae_ossuary_entry_ruins, hex_large,
          nrook_mini_vaults
D:7:      layout_gridville, enter_bailey_5, serial_shops,
          nicolae_shop_behind_doors, nicolae_shop_statue_plus,
          kennysheep_little_box
D:8:      minmay_gate_of_8, layout_basic, minmay_lair_entry_grove,
          minmay_three_doors, uniq_joseph, uniq_erica
D:9:      layout_basic, nicolae_uskayaw_dance_studio, doesnt_shop_hydraphobe
D:10:     layout_small_grid, nicolae_transporter_intersection
Lair:1:   layout_regular_city, infiniplex_staircase_pool, serial_bayou_shore_a,
          serial_bayou_shore_b
Lair:2:   layout_cave_pods, palyth_hydra_swamp_entry,
          nicolae_spider_entry_lesser_pyramids, serial_bayou_lake_a

Skill      XL: |  1  2  3  4  5  6  7  8  9 10 11 |
---------------+----------------------------------+-----
Axes           | 4 5 6 7 8 11 12 13 | 13.9
Ranged Weapons | 1 3 4 5 6 8 9 10 | 10.4
Long Blades    | 1 3 5 7 8 |  8.3
Fighting       | 4 5 7 8 9 |  9.7
Evocations     | 1 3 4 |  4.7
Armour         | 4 |  4.4
Dodging        | |  2.1

Action                     |  1- 3 |  4- 6 |  7- 9 | 10-12 || total
---------------------------+-------+-------+-------+-------++-------
  Melee: Hand axe          |    34 |    31 |       |       ||    65
         Headbutt          |     4 |    17 |    31 |    21 ||    73
         Long sword        |       |    68 |     2 |     5 ||    75
         Broad axe         |       |    18 |   228 |    78 ||   324
         Battleaxe         |       |       |       |    87 ||    87
         Punch             |       |       |       |     1 ||     1
   Fire: Sling             |    98 |    29 |    33 |     7 ||   167
         Shortbow          |       |       |       |    20 ||    20
         Arbalest          |       |       |       |    50 ||    50
  Throw: Dart              |     5 |     7 |       |       ||    12
 Invoke: Berserk           |     3 |     1 |     1 |     8 ||    13
         Trog's Hand       |       |       |     1 |     7 ||     8
  Evoke: Wand              |       |       |       |     1 ||     1
    Use: Scroll            |     7 |     1 |    10 |     4 ||    22
 Armour: Animal skin       |    18 |       |       |       ||    18
         Plate armour      |     3 |   100 |   113 |   102 ||   318
  Dodge: Dodged            |    45 |    41 |    76 |    48 ||   210
  Block: Buckler           |    10 |    15 |    78 |    36 ||   139
         Reflection        |       |       |     1 |     6 ||     7
         Other             |       |       |       |    32 ||    32

Table legend: (Time is in decaauts)
 A = Elapsed time spent in this place.
 B = Non-inter-level travel time spent in this place.
 C = Inter-level travel time spent in this place.
 D = Time resting spent in this place.
 E = Time spent auto-exploring this place.
 F = Levels seen in this place.
 G = Mean time per level.
                   A        B        C        D        E       F      G
               +--------+--------+--------+--------+--------+-----+--------+
         Total |  12525 |  12073 |    452 |   2337 |   6927 |  15 |  835.0 |
       Dungeon |   9800 |   9348 |    452 |   1707 |   5596 |  10 |  980.0 |
          Lair |   1226 |   1226 |      0 |    207 |    855 |   2 |  613.0 |
         Sewer |    389 |    389 |      0 |      0 |    168 |   1 |  389.0 |
       Ossuary |    432 |    432 |      0 |     47 |    206 |   1 |  432.0 |
        Bailey |    678 |    678 |      0 |    376 |    101 |   1 |  678.0 |
               +--------+--------+--------+--------+--------+-----+--------+

Top non-repeatable levels by time:
     D:8: 1461 daAuts
    D:10: 1436 daAuts
  Lair:1: 1186 daAuts
     D:9: 1160 daAuts
     D:1: 942 daAuts
     D:7: 939 daAuts
     D:5: 926 daAuts
     D:2: 844 daAuts
     D:4: 842 daAuts
     D:6: 707 daAuts
  Bailey: 678 daAuts
     D:3: 539 daAuts
 Ossuary: 432 daAuts
   Sewer: 389 daAuts
  Lair:2: 39 daAuts
